 Dungeon Crawl Stone Soup version 0.31-a0-889-g1a8549509d (webtiles) character file.

Game seed: 1212299634002148911

1012 Kuronicle the Ruffian (level 7, -5/43 HPs)
             Began as a Demigod Shapeshifter on Oct 16, 2023.
             Slain by an ogre
             ... wielding a +0 giant club
              (26 damage)
             ... on level 6 of the Dungeon.
             The game lasted 00:13:28 (4496 turns).

Kuronicle the Ruffian (Demigod Shapeshifter)        Turns: 4496, Time: 00:13:29

Health: -5/43      AC: 15    Str: 19    XL:     7   Next: 69%
Magic:  9/9        EV:  9    Int: 12    God:
Gold:   157        SH:  0    Dex: 17    Spells: 6/6 levels left

rFire   + .          .
                       - Unarmed
rCold   . . .        (shield currently unavailable)
rNeg    . . .        u - +0 chain mail
rPois   .            t - +0 helmet
rElec   .            y - +0 cloak
rCorr   .            o - +0 pair of gloves
SInv    +            a - +2 pair of boots
Will    .....        i - amulet of regeneration Stlth
                     A - ring of see invisible
HPRegen 1.07/turn    r - ring of protection from fire
MPRegen 0.11/turn

%: no passive effects
@: flux-form, glowing
A: glow, contaminating, reduced hp, high MP 1, forlorn, divine attributes
a: Begin Untransformation


You were on level 6 of the Dungeon.
You were something dangerously unstable.
You visited 1 branch of the dungeon, and saw 6 of its levels.

You collected 229 gold pieces.
You spent 72 gold pieces at shops.

Inventory:

Hand Weapons
 j - a +4 dagger
 k - a +0 falchion
 s - the +10 morningstar of Ru's Indignation {drain, rN+}
   (You found it on level 3 of the Dungeon)

   rN+:       It protects you from negative energy.
 w - a +0 broad axe
Armour
 a - a +2 pair of boots (worn)
 o - a +0 pair of gloves (worn)
 t - a +0 helmet (worn)
 u - a +0 chain mail (worn)
 y - a +0 cloak (worn)
Jewellery
 g - a ring of protection from cold
 i - an amulet of regeneration (around neck)
 q - a ring of resist corrosion
 r - a ring of protection from fire (right hand)
 A - a ring of see invisible (left hand)
Talismans
 c - a beast talisman
 d - a flux talisman (active)
 e - a blade talisman
Wands
 f - a wand of charming (5)
Scrolls
 l - 2 scrolls of identify
 m - 2 scrolls of teleportation
 p - a scroll of poison
Potions
 b - a potion of lignification
 h - 2 potions of curing
 n - a potion of brilliance
 v - a potion of berserk rage
 z - a potion of might
 C - a potion of ambrosia


   Skills:
 + Level 2.1 Fighting
 + Level 2.6 Armour
 * Level 3.3 Dodging
 * Level 3.4 Stealth
 + Level 4.9 Unarmed Combat
 * Level 4.9 Shapeshifting


You had 6 spell levels left.
You didn't know any spells.
Your spell library contained the following spells:

 Spells                   Type           Power      Damage    Failure   Level
 Magic Dart               Conj           0%         1d3       96%         1
 Ensorcelled Hibernation  Hex/Ice        0%         N/A       99%         2
 Passwall                 Tmut/Erth      0%         N/A       99%         2
 Searing Ray              Conj           0%         2d4       99%         2
 Swiftness                Air            0%         N/A       100%        3
 Fulminant Prism          Conj/Hex       0%         3d5       100%        4


Dungeon Overview and Level Annotations

Branches:
Dungeon (6/15)             Temple (0/1) D:5

Shops:
D:2 (=:*   D:3 *(   D:4 !


Innate Abilities, Weirdness & Mutations

You are something dangerously unstable.
You glow with magical radiation, making you easy to see and hit.
Foes you strike become dangerously contaminated with magical radiation.
Your maximum health is decreased, since you lack skill for your form.
You are incapable of wielding weapons or throwing items.
You have an increased reservoir of magic. (+10% MP)
You shall have no god before yourself.
Your divine heritage dramatically boosts your attributes as you level up.


Message History

Done exploring.
No target in view!
No target in view!
There is a stone staircase leading up here.
There is a stone staircase leading down here.
You see here a +0 scale mail.
x - a +0 scale mail You drop a +0 scale mail.
There is a stone staircase leading down here.
You climb downwards.
There is a stone staircase leading up here.
An ogre comes into view. It is wielding a +0 giant club.
The ogre shouts!
A gnoll comes into view. It is wielding a +0 halberd.
A gnoll comes into view. It is wielding a +0 flail.
A gnoll comes into view. It is wielding a +0 spear.
A gnoll comes into view. It is wielding a +0 spear.
The gnoll shouts!
You hear a shout! x2
A gnoll comes into view. It is wielding a +0 club.
The gnoll shouts!
You hear a shout!
You hear an angry growl.
The gnoll attacks as it pursues you! The gnoll hits you but does no damage.
The ogre hits you with a +0 giant club! The gnoll barely misses you.
The ogre hits you with a +0 giant club. The gnoll misses you.
You closely miss the ogre. The ogre hits you with a +0 giant club!
The gnoll barely misses you. The gnoll attacks as it pursues you!
The gnoll barely misses you.
You hit the gnoll.
The gnoll begins to glow.
The gnoll is heavily wounded.
You hit the gnoll.
The gnoll glows dangerously bright.
The gnoll is heavily wounded.
The gnoll hits you but does no damage.
You hit the gnoll.
The gnoll shudders as magic cascades through it!
You kill the gnoll!
You hit the ogre.
The ogre begins to glow.
The ogre is lightly wounded.
The gnoll hits you from afar with a +0 spear.
The ogre hits you with a +0 giant club!!
Ouch! That really hurt!
You die...

#### #..##
#...# ## #p#.#
#. ###O#
#.###..g#
##......#
#....#.##
##.<...#######
##..#.....g..
#........g...
###.....####..


You could see an ogre (contam) and a gnoll.

Vanquished Creatures
  Grinder (D:3)
  A black bear (D:4)
  2 phantoms
  Blork the orc (D:4)
  2 scorpions
  An orc priest (D:5)
  5 iguanas
  Ijyb (D:4)
  An orc wizard (D:5)
  Robin (D:3)
  4 adders
  2 gnolls
  2 white imps
  2 worms
  A dart slug (D:4)
  14 orcs
  7 endoplasms
  A giant cockroach (D:1)
  18 goblins
  6 hobgoblins
  5 jackals
  7 quokkas
  3 ball pythons
  8 bats
  3 frilled lizards
  5 kobolds
  5 rats
109 creatures vanquished.

Notes
Turn   | Place    | Note
-------+----------+-------------------------------------------
     0 | D:1      | Kuronicle the Demigod Shapeshifter began the quest for the
                  | Orb.
     0 | D:1      | Reached XP level 1. HP: 15/15 MP: 3/3
   328 | D:1      | Reached skill level 1 in Fighting
   478 | D:1      | Reached XP level 2. HP: 9/23 MP: 4/4
  1013 | D:2      | Reached XP level 3. HP: 28/28 MP: 5/5
  1254 | D:2      | Found Mygunn's General Store.
  1327 | D:2      | Bought 2 scrolls of identify for 48 gold pieces
  1327 | D:2      | Bought a scroll of identify for 24 gold pieces
  1347 | D:2      | Found Eburiowimy's Jewellery Boutique.
  1433 | D:2      | Found Cuqaq's Book Emporium.
  1444 | D:2      | Reached skill level 1 in Stealth
  1572 | D:2      | Found Remobef's Weapon Boutique.
  1762 | D:3      | Found Lybbep's Assorted Antiques.
  1971 | D:3      | Reached XP level 4. HP: 22/35 MP: 6/6
  2116 | D:3      | Identified the +10 morningstar of Ru's Indignation {drain,
                  | rN+}
  2582 | D:3      | Found Fyafrir's Weapon Boutique.
  2583 | D:3      | Noticed Grinder
  2632 | D:3      | HP: 1/22 [Grinder (4)]
  2633 | D:3      | Killed Grinder
  2634 | D:3      | Reached skill level 1 in Armour
  2634 | D:3      | Reached XP level 5. HP: 1/41 MP: 7/7
  2666 | D:3      | Noticed Robin
  2692 | D:3      | Killed Robin
  2693 | D:3      | Reached XP level 6. HP: 28/48 MP: 8/8
  2797 | D:4      | Noticed Ijyb
  2819 | D:4      | Killed Ijyb
  2989 | D:4      | Reached XP level 7. HP: 34/55 MP: 9/9
  3122 | D:4      | Found Uheopiuts's Distillery.
  3250 | D:4      | Noticed Blork the orc
  3258 | D:4      | Killed Blork the orc
  3657 | D:5      | Entered Level 5 of the Dungeon
  3909 | D:5      | Found a staircase to the Ecumenical Temple.
  4496 | D:6      | Slain by an ogre

Illustrated notes

Levels and vault maps discovered:
D:1:      dpeg_arrival_arbitrary_c, layout_basic,
          shapermc_ecumenical_altar_mp_urbaneastern
D:2:      layout_basic, serial_shops, shop_fountains, nicolae_shop_behind_doors,
          nicolae_lakefront_shop, nicolae_shop_gaudy_bauble,
          dreamdust_wishing_well
D:3:      minmay_general_purpose_star, layout_loops_ring, amcnicky_altar_gilded,
          serial_aquarium, aquarium_bridge_straight [aquarium_subvault_bridge,
          aquarium_subvault_window, aquarium_subvault_bridge,
          aquarium_subvault_balcony], aquarium_bridge_square
          [aquarium_subvault_bridge, aquarium_subvault_bridge,
          aquarium_subvault_wall, aquarium_subvault_bridge],
          aquarium_window_corner, aquarium_window_corridor_3,
          aquarium_window_fake, aquarium_view_2g, serial_shops,
          nicolae_shop_bloodbath_and_beyond, nicolae_square_shop,
          kennysheep_generic_room_7, uniq_robin, uniq_grinder
D:4:      nicolae_cairo_tiling_large_dashed, layout_basic, serial_shops,
          nicolae_shop_waterfront, minivault_26, uniq_ijyb, uniq_blork_the_orc
D:5:      layout_basic, minmay_temple_entry_statues_pillars
D:6:      layout_layer_cave, nicolae_gozag_zags_fifth_avenue,
          minmay_strange_pillars

Skill      XL: |  1  2  3  4  5  6  7 |
---------------+----------------------+-----
Fighting       | 1 2 |  2.1
Shapeshifting  | 3 4 |  4.9
Unarmed Combat | 3 4 |  4.9
Dodging        | 2 3 |  3.3
Stealth        | 1 2 3 |  3.4
Armour         | 1 2 |  2.6

Action                     |  1- 3 |  4- 6 |  7- 9 || total
---------------------------+-------+-------+-------++-------
  Melee: Unarmed           |   137 |   134 |   140 ||   411
         Punch             |     4 |       |       ||     4
    Use: Scroll            |     6 |     2 |     5 ||    13
         Potion            |       |     3 |       ||     3
 Armour: Ring mail         |    64 |    65 |       ||   129
         Animal skin       |     5 |       |       ||     5
         Chain mail        |       |    39 |   102 ||   141
  Dodge: Dodged            |    77 |    56 |    53 ||   186
   Form: Flux              |     1 |       |       ||     1

Table legend: (Time is in decaauts)
 A = Elapsed time spent in this place.
 B = Non-inter-level travel time spent in this place.
 C = Inter-level travel time spent in this place.
 D = Time resting spent in this place.
 E = Time spent auto-exploring this place.
 F = Levels seen in this place.
 G = Mean time per level.
                   A        B        C        D        E       F      G
               +--------+--------+--------+--------+--------+-----+--------+
         Total |   4466 |   3939 |    527 |     36 |   2863 |   6 |  744.3 |
       Dungeon |   4466 |   3939 |    527 |     36 |   2863 |   6 |  744.3 |
               +--------+--------+--------+--------+--------+-----+--------+

Top non-repeatable levels by time:
     D:3: 1138 daAuts
     D:1: 996 daAuts
     D:4: 868 daAuts
     D:5: 791 daAuts
     D:2: 635 daAuts
     D:6: 36 daAuts
